Map: Apotheosis LE

Players

Leecher - Winner!

  • Race: Zerg Zerg
  • League: Diamond

Stalker

  • Race: Protoss Protoss
  • League: Diamond

VOD

Have the link to the VOD?

Description

Time

  • Played on: Sept. 15, 2016, 5:15 p.m.
  • Length: 13:15
Show
View Real Time Build Order
Export as new Build Order

Leecher Zerg - Winner!

Build Orders: Hatch First, Lurkers 

Get SALT Encoding   

  12  0:07  Drone  
  12  0:13  Overlord  
  13  0:18  Drone  
  14  0:32  Drone x2  
  16  0:40  Drone  
  17  0:54  Drone  
  18  1:00  Hatchery  
  18  1:02  Drone  
  18  1:09  Extractor  
  17  1:12  Drone  
  18  1:23  Spawning Pool  
  18  1:24  Drone  
  18  1:34  Drone  
  19  1:49  Overlord  
  19  2:11  Queen  
  19  2:12  Queen  
  19  2:13  Drone  
  24  2:23  Hatchery  
  24  2:26  Zergling x2  
  24  2:29  Metabolic Boost  
  24  2:36  Drone x2  
  26  2:42  Drone  
  26  2:43  Drone  
  28  2:53  Drone x2  
  30  3:07  Drone x4  
  34  3:14  Pneumatized Carapace  
  34  3:21  Queen, Overlord  
  36  3:35  Queen  
  36  3:39  Drone  
  36  3:40  Drone x2  
  36  3:41  Drone x4  
  44  3:53  Drone, Evolution Chamber  
  44  3:54  Drone x3  
  47  4:00  Drone x3  
  50  4:08  Overlord x2  
  50  4:26  Zergling x4  
  50  4:27  Zergling x6  
  55  4:32  Drone x3  
  55  4:33  Drone x3  
  55  4:36  Zerg Melee Weapons Level 1, Extractor x2  
  59  4:43  Evolution Chamber  
  59  4:44  Zergling x4  
  59  4:45  Zergling x8  
  64  4:51  Spore Crawler  
  63  4:53  Spore Crawler  
  63  4:55  Zergling x8  
  66  5:07  Spore Crawler, Extractor  
  66  5:14  Overlord x4  
  64  5:22  Overlord  
  64  5:23  Overlord x4  
  64  5:25  Extractor  
  64  5:26  Extractor  
  61  5:38  Drone x3  
  61  5:39  Drone x3  
  65  5:47  Lair  
  65  5:48  Drone x2  
  63  5:57  Zerg Ground Armor Level 1  
  63  5:59  Drone x6  
  69  6:05  Spore Crawler  
  69  6:06  Spore Crawler, Drone x4  
  71  6:17  Zergling x12  
  75  6:21  Baneling Nest  
  72  6:29  Drone x5  
  76  6:42  Drone  
  76  6:45  Drone x2  
  79  6:59  Zergling x18, Hydralisk Den  
  87  7:03  Hatchery  
  85  7:26  Drone x3  
  85  7:27  Lurker Den  
  85  7:28  Hatchery, Hydralisk  
  85  7:29  Hydralisk x7  
  100  7:47  Overlord x6  
  100  7:48  Hydralisk  
  100  7:49  Hydralisk x4  
  102  7:56  Zergling x2  
  99  8:00  Zergling x2  
  99  8:02  Zergling x4  
  100  8:11  Hydralisk x2  
  104  8:14  Hatchery  
  104  8:15  Zergling x2  
  104  8:19  Hydralisk x2  
  106  8:23  Hydralisk  
  106  8:24  Hydralisk  
  112  8:27  Hydralisk x2  
  112  8:28  Hydralisk x2  
  112  8:31  Baneling  
  112  8:32  Baneling x3  
  112  8:33  Baneling  
  120  8:35  Baneling x3  
  120  8:36  Hydralisk  
  120  8:37  Hydralisk x8  
  138  8:42  Overlord  
  138  8:44  Zerg Ground Armor Level 2  
  138  8:45  Zerg Melee Weapons Level 2  
  134  8:51  Drone x4  
  134  8:52  Drone  
  135  8:57  Drone x5  
  135  9:02  Drone  
  141  9:03  Drone x3  
  144  9:19  Spore Crawler  
  143  9:25  Baneling x2, Hydralisk  
  143  9:26  Hydralisk x8  
  143  9:29  Zergling x8  
  154  10:10  Overlord  
  154  10:11  Overlord x3  
  154  10:22  Drone  
  154  10:23  Drone x2  
  156  10:29  Muscular Augments  
  156  10:31  Drone  
  156  10:32  Drone x3  
  160  10:40  Lurker  
  160  10:41  Lurker x5  
  166  10:49  Overlord x2  
  162  10:53  Zergling x30  
  162  10:54  Zergling x24  
  187  11:06  Overlord x2  
  187  11:07  Overlord  
  185  11:29  Infestation Pit  
  185  11:31  Spire  
  183  11:36  Zergling x2  
  183  11:37  Zergling x20  
  194  11:41  Lurker  
  194  11:42  Lurker x4  
  194  11:44  Baneling  
  194  11:45  Baneling x14  
  194  11:46  Baneling  
Show
View Real Time Build Order
Export as new Build Order

Stalker Protoss 

Build Orders: 1 Gate Expand, Phoenix Opening 

Get SALT Encoding   

  12  0:01  Probe (Chrono Boost)  
  13  0:12  Probe (Chrono Boost)  
  14  0:21  Pylon  
  14  0:22  Probe (Chrono Boost)  
  15  0:39  Probe (Chrono Boost)  
  15  0:41  Gateway  
  16  0:46  Assimilator  
  17  0:50  Probe (Chrono Boost)  
  17  1:00  Probe (Chrono Boost)  
  18  1:11  Probe (Chrono Boost)  
  19  1:26  Nexus  
  19  1:37  Cybernetics Core  
  19  1:42  Probe (Chrono Boost)  
  20  1:50  Pylon  
  20  1:54  Probe (Chrono Boost)  
  20  1:58  Gateway  
  21  2:02  Pylon  
  21  2:07  Assimilator  
  21  2:12  Probe (Chrono Boost)  
  22  2:20  Adept  
  24  2:22  Warp Gate  
  24  2:25  Probe (Chrono Boost)  
  25  2:35  Probe (Chrono Boost)  
  26  2:38  Probe (Chrono Boost)  
  27  2:46  Probe (Chrono Boost)  
  27  2:49  Stargate  
  28  2:52  Probe (Chrono Boost)  
  28  2:56  Probe (Chrono Boost)  
  30  2:59  Adept  
  30  3:04  Probe (Chrono Boost)  
  32  3:07  Probe (Chrono Boost)  
  33  3:15  Probe (Chrono Boost)  
  33  3:17  Probe (Chrono Boost)  
  35  3:23  Stargate  
  35  3:26  Probe (Chrono Boost)  
  36  3:28  Probe (Chrono Boost)  
  37  3:36  Probe (Chrono Boost), Pylon  
  37  3:38  Probe (Chrono Boost)  
  39  3:41  Assimilator  
  39  3:43  Assimilator  
  39  3:47  Phoenix  
  41  3:49  Probe (Chrono Boost)  
  41  3:50  Probe (Chrono Boost)  
  41  3:54  Adept  
  45  3:59  Probe (Chrono Boost)  
  45  4:01  Pylon  
  46  4:04  Probe (Chrono Boost), Phoenix  
  49  4:12  Probe (Chrono Boost)  
  50  4:19  Probe (Chrono Boost)  
  50  4:21  Phoenix  
  56  4:31  Mothership Core (Chrono Boost), Probe (Chrono Boost)  
  56  4:33  Pylon  
  56  4:36  Phoenix  
  56  4:38  Pylon  
  56  4:43  Probe (Chrono Boost)  
  59  4:51  Probe (Chrono Boost)  
  60  4:57  Nexus  
  60  5:03  Probe x2 (Chrono Boost)  
  62  5:11  Adept x2, Pylon  
  62  5:12  Phoenix  
  66  5:19  Probe (Chrono Boost)  
  70  5:23  Probe (Chrono Boost)  
  70  5:28  Phoenix  
  70  5:31  Probe (Chrono Boost)  
  70  5:35  Probe (Chrono Boost), Pylon  
  74  5:41  Adept  
  69  5:43  Probe (Chrono Boost)  
  69  5:47  Probe (Chrono Boost), Adept  
  67  5:55  Probe (Chrono Boost)  
  65  5:59  Probe (Chrono Boost)  
  66  6:08  Probe (Chrono Boost)  
  68  6:11  Probe (Chrono Boost)  
  68  6:14  Probe (Chrono Boost)  
  68  6:17  Assimilator  
  69  6:19  Assimilator  
  69  6:25  Probe (Chrono Boost)  
  72  6:26  Probe x2 (Chrono Boost)  
  72  6:35  Probe (Chrono Boost)  
  72  6:38  Probe x2 (Chrono Boost)  
  72  6:47  Probe (Chrono Boost)  
  73  6:50  Probe (Chrono Boost)  
  73  6:53  Twilight Council, Phoenix x2  
  74  7:01  Sentry x2  
  82  7:06  Probe x2 (Chrono Boost)  
  84  7:15  Probe (Chrono Boost), Phoenix  
  85  7:18  Probe (Chrono Boost)  
  87  7:23  Probe (Chrono Boost)  
  87  7:25  Robotics Facility  
  87  7:26  Probe (Chrono Boost)  
  87  7:29  Adept x2  
  90  7:31  Resonating Glaives  
  90  7:34  Probe (Chrono Boost)  
  83  7:52  Gateway, Probe x2 (Chrono Boost)  
  83  7:55  Gateway  
  83  8:00  Probe (Chrono Boost)  
  83  8:04  Probe (Chrono Boost)  
  85  8:07  Probe (Chrono Boost)  
  85  8:10  Probe (Chrono Boost)  
  87  8:15  Adept  
  87  8:16  Adept  
  93  8:20  Probe (Chrono Boost)  
  93  8:21  Probe (Chrono Boost)  
  93  8:22  Templar Archives  
  94  8:27  Warp Prism  
  94  8:33  Probe x2 (Chrono Boost)  
  97  8:36  Probe (Chrono Boost)  
  98  8:43  Robotics Facility  
  98  8:45  Probe x2 (Chrono Boost), Pylon  
  98  9:01  Pylon  
  98  9:03  High Templar x3  
  98  9:04  High Templar  
  98  9:06  Nexus  
  98  9:08  Archon x2  
  106  9:16  Pylon  
  106  9:18  Pylon  
  106  9:19  Immortal  
  110  9:27  Pylon  
  110  9:29  Pylon  
  110  9:33  Probe x2 (Chrono Boost)  
  112  9:47  Gateway  
  112  9:50  Gateway  
  112  9:51  Observer  
  112  9:52  Gateway  
  115  10:00  Immortal  
  115  10:01  Probe x2 (Chrono Boost)  
  115  10:04  Oracle  
  115  10:06  High Templar x4  
  127  10:09  Oracle  
  127  10:12  Gateway, Immortal  
  127  10:13  Gateway  
  137  10:14  Gateway  
  137  10:19  Forge  
  137  10:25  Forge  
  129  10:32  Probe (Chrono Boost)  
  129  10:33  Probe (Chrono Boost)  
  129  10:34  Probe (Chrono Boost)  
  130  10:39  Assimilator  
  130  10:41  Immortal  
  134  10:43  Assimilator  
  134  10:50  High Templar x2  
  134  10:51  High Templar  
  134  10:52  Zealot x2, Immortal  
  134  10:53  Zealot x2, Charge  
  134  10:55  Archon x2  
  152  11:02  Probe x2 (Chrono Boost)  
  152  11:04  Probe x2 (Chrono Boost)  
  146  11:13  Probe (Chrono Boost)  
  146  11:14  Probe (Chrono Boost)  
  146  11:16  Probe x2 (Chrono Boost)  
  140  11:24  Probe x2 (Chrono Boost)  
  142  11:30  Zealot x2  
  142  11:31  Zealot x2  
  150  11:37  Probe (Chrono Boost)  
  150  11:38  Probe (Chrono Boost)  
  150  11:39  Probe (Chrono Boost)  
  153  11:44  Probe (Chrono Boost)  
  154  11:48  Probe (Chrono Boost)  
  154  11:50  Immortal  
  154  11:51  Probe (Chrono Boost)  
  154  11:53  Archon  
  158  11:56  Probe (Chrono Boost)  
  158  11:58  Probe (Chrono Boost)  
  160  12:03  Pylon  
  160  12:04  Immortal  
  164  12:10  Pylon  
  165  12:23  Probe (Chrono Boost), High Templar x3  
  165  12:27  Archon  
  175  12:30  Immortal  
  179  12:48  Zealot  
  179  12:55  Pylon x2  
  113  13:06  Zealot  
  113  13:07  Zealot x8  
Tags
 
Add a new tag
Caveats
  • Supply blocks, unpowered buildings, or Contaminate may cause inaccurate times.
  • Supply counts are checked every 10 seconds.